Map: Arctic Flowers LE

Players

Patternmind

  • Race: Zerg Zerg
  • League: Gold
  • Spawn Location: 7:00

Greck

  • Race: Protoss Protoss
  • Spawn Location: 7:00

Ekelpack - Winner!

  • Race: Zerg Zerg
  • Spawn Location: 1:00

Nyck - Winner!

  • Race: Terran Terran
  • Spawn Location: 1:00

VOD

Have the link to the VOD?

Description

Time

  • Played on: April 8, 2025, 1:11 p.m.
  • Length: 11:32
Show
View Real Time Build Order
Export as new Build Order

Patternmind Zerg 

Build Orders: Hatch First 

Get SALT Encoding   

  12  0:01  Drone  
  13  0:12  Drone  
  14  0:25  Extractor  
  14  0:27  Extractor  
  14  0:28  Drone x2  
  16  1:06  Hatchery  
  15  1:17  Spawning Pool  
  14  1:26  Hatchery  
  13  1:33  Extractor  
  13  1:34  Drone x2  
  13  1:37  Overlord  
  14  2:04  Zergling x2  
  14  2:05  Zergling x2  
  14  2:06  Queen  
  14  2:08  Zergling x2  
  19  2:22  Drone x2  
  21  2:28  Queen  
  23  2:52  Spine Crawler  
  23  2:54  Metabolic Boost  
  22  3:03  Spine Crawler  
  21  3:29  Zergling x2  
  21  3:30  Zergling x12  
  28  3:35  Drone x2  
  29  4:06  Drone x2  
  29  4:07  Drone x2  
  29  4:08  Overlord  
  33  4:12  Overlord  
  33  4:31  Drone  
  33  4:32  Drone x4  
  38  4:39  Lair  
  38  4:43  Drone  
  39  4:47  Drone  
  39  4:48  Drone  
  39  4:52  Drone  
  42  5:00  Extractor  
  42  5:03  Extractor  
  42  5:04  Drone, Extractor  
  42  5:05  Drone x2  
  42  5:12  Queen  
  44  5:17  Overlord  
  44  5:42  Spine Crawler  
  43  5:43  Spine Crawler  
  43  5:49  Spine Crawler  
  41  5:50  Spine Crawler  
  41  5:51  Spine Crawler x2  
  41  5:53  Evolution Chamber  
  41  5:56  Evolution Chamber  
  29  6:18  Zergling x18  
  30  6:25  Drone x2  
  38  6:32  Spore Crawler  
  37  7:02  Hydralisk Den  
  37  7:03  Spore Crawler  
  37  7:04  Spore Crawler  
  23  7:40  Hydralisk x2  
  23  7:41  Hydralisk x4  
  35  7:46  Hydralisk  
  37  8:15  Drone  
  37  8:16  Drone x3  
  41  8:39  Lurker Den  
  41  8:40  Drone x3  
  41  8:41  Drone  
  44  8:42  Overlord  
  44  8:46  Overlord  
  44  9:16  Drone x2  
  46  9:18  Drone  
  46  9:19  Drone x6  
  53  9:25  Zerg Missile Weapons Level 1  
  53  9:59  Lurker x2  
  55  10:01  Lurker  
  55  10:02  Hydralisk x2  
  55  10:04  Overlord x3  
  60  10:28  Drone x2  
  61  10:30  Hydralisk x6  
  74  10:41  Spore Crawler  
  73  10:43  Spore Crawler  
  73  10:44  Drone  
Show
View Real Time Build Order
Export as new Build Order

Greck Protoss 

Build Orders: Zealot Archon 

Get SALT Encoding   

  12  0:00  Probe  
  13  0:28  Probe  
  13  0:30  Pylon  
  14  0:37  Probe  
  14  0:40  Pylon  
  15  0:46  Probe  
  16  0:57  Probe  
  16  0:59  Gateway  
  16  1:03  Assimilator  
  17  1:05  Probe  
  18  1:13  Probe  
  19  1:25  Gateway, Probe  
  20  1:30  Gateway  
  20  1:33  Gateway  
  20  1:42  Pylon  
  20  1:53  Pylon  
  20  1:56  Assimilator  
  20  1:58  Probe  
  21  2:10  Probe  
  21  2:12  Forge  
  22  2:19  Cybernetics Core  
  22  2:24  Zealot  
  24  2:30  Zealot  
  26  2:37  Zealot  
  26  2:41  Protoss Ground Weapons Level 1  
  28  3:00  Shield Battery  
  28  3:17  Zealot  
  28  3:18  Zealot  
  32  3:25  Twilight Council  
  32  3:29  Warp Gate  
  32  3:36  Zealot  
  35  4:02  Charge  
  34  4:10  Robotics Facility  
  34  4:11  Dark Shrine  
  34  4:15  Zealot x2  
  38  4:27  Pylon  
  38  4:30  Pylon  
  38  4:57  Nexus  
  38  5:02  Assimilator  
  38  5:06  Assimilator  
  38  5:19  Observer  
  39  5:26  Probe  
  40  5:35  Protoss Shields Level 1  
  40  5:38  Probe  
  41  5:45  Dark Templar  
  43  5:50  Probe  
  43  5:53  Dark Templar  
  46  6:02  Probe  
  31  6:14  Probe  
  32  6:27  Zealot x3  
  34  6:48  Blink  
  34  6:51  Stalker x2  
  34  6:52  Stalker  
  40  6:55  Probe x2  
  42  7:07  Probe  
  42  7:08  Probe  
  40  7:14  Stalker  
  42  7:16  Stalker  
  42  7:19  Stalker, Probe  
  42  7:20  Probe  
  48  7:31  Probe  
  48  7:33  Probe  
  50  7:39  Probe  
  50  7:41  Probe  
  50  7:43  Dark Templar  
  53  7:47  Probe  
  53  7:49  Dark Templar  
  53  7:51  Probe  
  57  7:53  Archon  
  57  7:55  Dark Templar  
  60  8:03  Probe x2  
  62  8:15  Probe x2  
  62  8:18  Dark Templar  
  66  8:25  Archon  
  66  8:27  Probe x2, Dark Templar  
  70  8:35  Pylon  
  70  8:37  Pylon  
  70  8:40  Pylon  
  68  9:10  Dark Templar  
  68  9:11  Dark Templar x2  
  68  9:15  Archon  
  74  9:24  Archon  
  69  10:07  Dark Templar x3  
  75  10:14  Assimilator  
  75  10:39  Assimilator  
  75  10:42  Dark Templar  
  75  10:43  Dark Templar  
  75  10:44  Archon  
  75  10:48  Archon  
  57  11:27  Nexus  
Show
View Real Time Build Order
Export as new Build Order

Ekelpack Zerg - Winner!

Build Orders: Hatch First 

Get SALT Encoding   

  12  0:00  Drone  
  13  0:13  Overlord  
  13  0:16  Drone  
  14  0:31  Drone x2  
  14  0:35  Drone  
  17  0:52  Hatchery  
  17  0:53  Drone  
  17  1:03  Drone, Extractor  
  17  1:14  Spawning Pool  
  17  1:16  Drone  
  17  1:21  Drone  
  18  1:30  Drone  
  19  1:39  Drone  
  20  2:01  Queen  
  20  2:04  Queen  
  20  2:06  Drone  
  20  2:07  Overlord  
  25  2:08  Metabolic Boost  
  25  2:17  Drone x2  
  27  2:24  Drone, Extractor  
  27  2:28  Drone  
  28  2:36  Zergling x4  
  30  2:37  Drone  
  31  2:48  Zergling x4  
  33  2:53  Lair  
  33  2:59  Zergling x4  
  35  3:16  Drone  
  35  3:18  Overlord  
  36  3:23  Extractor  
  35  3:31  Drone  
  36  3:46  Drone x4  
  36  3:47  Drone x3, Overlord  
  36  3:48  Drone  
  43  4:09  Overlord, Spire  
  42  4:13  Drone x5  
  47  4:26  Hatchery, Zergling x2  
  47  4:27  Zergling x2  
  48  4:33  Zergling x4  
  50  4:42  Zergling x8  
  50  4:43  Zergling x2, Overlord, Extractor  
  54  4:54  Zergling x4  
  54  4:55  Overlord  
  56  5:08  Overlord x2  
  56  5:15  Overlord x2  
  56  5:24  Mutalisk x4  
  56  5:25  Mutalisk  
  56  5:27  Zerg Flyer Weapons Level 1  
  66  5:50  Mutalisk x4  
  66  5:52  Drone x4  
  66  5:53  Drone x2  
  69  6:22  Drone x2  
  69  6:23  Drone x4  
  75  6:26  Queen  
  75  6:28  Extractor  
  75  6:30  Drone  
  75  6:31  Drone x2, Extractor  
  74  6:45  Drone  
  74  6:46  Drone x4  
  78  6:55  Infestation Pit  
  77  7:17  Queen  
  77  7:27  Drone  
  77  7:28  Drone x7  
  77  7:29  Drone x5  
  83  7:41  Drone  
  84  7:50  Mutalisk x6  
  84  7:51  Mutalisk x3  
  96  7:54  Zerg Flyer Weapons Level 2  
  102  8:14  Overlord x4  
  102  8:18  Hive  
  102  8:23  Evolution Chamber  
  102  8:24  Evolution Chamber  
  100  8:28  Extractor  
  100  8:29  Hatchery  
  100  8:32  Extractor  
  97  8:37  Zergling x10  
  97  8:38  Zergling x14  
  97  8:39  Zergling x2  
  110  8:45  Zergling x8  
  114  9:08  Zerg Melee Weapons Level 1, Zerg Ground Armor Level 1  
  114  9:10  Overseer  
  114  9:11  Overseer  
  114  9:21  Zergling x6  
  114  9:22  Zergling x12  
  114  9:23  Zergling x4  
  125  9:25  Overlord x4  
  125  9:26  Overlord  
  125  9:53  Drone x5  
  125  9:54  Drone x7  
  125  9:55  Drone x2, Overlord, Pneumatized Carapace  
  125  9:57  Queen  
  141  10:05  Ultralisk Cavern, Overlord  
  141  10:21  Zergling x8  
  144  10:56  Zergling x4  
  144  10:57  Zergling x14  
  184  10:58  Zergling x6  
Show
View Real Time Build Order
Export as new Build Order

Nyck Terran - Winner!

Build Orders:  

Get SALT Encoding   

  12  0:00  SCV  
  13  0:12  SCV  
  14  0:17  Supply Depot  
  14  0:24  SCV  
  15  0:39  SCV  
  15  0:41  Barracks  
  16  0:47  Refinery  
  16  0:51  SCV  
  17  1:02  Barracks  
  17  1:03  SCV  
  18  1:15  SCV  
  19  1:31  Supply Depot  
  19  1:32  Orbital Command  
  19  1:33  Reaper  
  20  1:41  Refinery  
  20  1:49  Marine  
  21  1:59  SCV  
  22  2:08  Factory  
  22  2:09  Marine x2  
  22  2:15  SCV  
  25  2:27  Marine x2  
  27  2:31  SCV  
  28  2:37  Supply Depot  
  28  2:43  SCV  
  29  2:57  Marine x2  
  31  3:26  SCV  
  32  3:27  Marine x2  
  32  3:31  Hellion  
  36  3:38  Command Center  
  36  3:42  SCV  
  36  3:47  Marine x2  
  39  3:54  Supply Depot  
  39  3:58  Hellion  
  39  3:59  SCV  
  42  4:16  SCV  
  43  4:17  Marine  
  43  4:18  Marine  
  43  4:19  Hellion  
  47  4:30  SCV  
  47  4:38  Marine x2  
  49  4:45  Hellion  
  51  4:46  Barracks x2  
  51  4:47  Supply Depot, SCV  
  52  4:55  Marine  
  52  4:56  Marine  
  54  5:04  Orbital Command  
  54  5:07  SCV  
  55  5:14  Marine x2  
  55  5:18  Hellion  
  55  5:19  SCV  
  60  5:23  Supply Depot  
  60  5:31  SCV  
  61  5:38  SCV  
  61  5:41  Marine x2  
  61  5:42  Marine x2  
  66  5:52  SCV x2  
  66  5:56  Factory Tech Lab  
  55  6:25  SCV x2  
  45  6:26  Marine x4  
  45  6:28  Hellion  
  47  6:40  Barracks  
  47  6:43  SCV x2  
  47  6:45  Barracks  
  49  6:49  Starport  
  49  6:50  Refinery  
  49  6:52  Refinery  
  49  6:57  SCV  
  49  6:58  SCV, Marine x2  
  49  6:59  Marine x2  
  49  7:00  Siege Tank  
  58  7:07  Command Center  
  51  7:36  Barracks Tech Lab  
  51  7:37  Barracks Tech Lab, Barracks Reactor x3  
  47  7:38  Barracks Reactor  
  47  7:52  Siege Tank  
  47  7:54  SCV x2  
  47  7:58  Marine x2  
  53  8:02  Combat Shield  
  53  8:05  Starport  
  54  8:06  Starport Reactor  
  54  8:09  Stimpack  
  54  8:12  Supply Depot  
  54  8:14  SCV x2  
  54  8:15  Supply Depot  
  54  8:19  Marine x2  
  57  8:20  Marine x4  
  57  8:21  Marine x4  
  57  8:23  Orbital Command  
  66  8:30  SCV x2  
  68  8:35  Siege Tank  
  71  8:42  SCV, Engineering Bay  
  71  8:43  SCV  
  71  8:46  Engineering Bay  
  71  8:47  Starport Reactor  
  73  8:53  SCV, Marine x3  
  73  8:54  Marine  
  78  9:07  SCV x3  
  78  9:08  Marine x4  
  78  9:09  Marine x2  
  87  9:10  Siege Tank  
  90  9:18  Marine x4  
  90  9:22  Terran Infantry Weapons Level 1, Terran Infantry Armor Level 1  
  94  9:25  Armory  
  94  9:26  Marine x3, Medivac x2  
  94  9:27  Medivac  
  94  9:30  Medivac  
  105  9:40  SCV x3, Marine  
  105  9:41  Marine x6  
  115  9:46  Supply Depot  
  115  9:48  Supply Depot  
  115  9:59  Refinery  
  115  10:00  Medivac  
  115  10:02  Refinery  
  117  10:07  Marine x5  
  117  10:08  Siege Tank  
  117  10:09  Marine x5, Medivac  
  117  10:10  SCV  
  117  10:13  Supply Depot  
  133  10:15  Supply Depot  
  133  10:34  Marine x5  
  133  10:35  SCV x3  
  141  10:36  Marine x3  
  141  10:37  Command Center  
  141  10:40  Siege Tank  
  141  10:41  Supply Depot  
  147  10:43  Supply Depot  
  147  10:51  Marine x2  
  147  10:55  Medivac x2  
  147  10:56  Medivac x2  
  167  11:27  Supply Depot  
  167  11:28  Supply Depot  
Tags
 
Add a new tag
Caveats
  • Supply blocks, unpowered buildings, or Contaminate may cause inaccurate times.
  • Supply counts are checked every 10 seconds.